Map: Lost Temple

Players

Loken - Winner!

  • Race: Protoss Protoss
  • Spawn Location: 6:00

FrogMint

  • Race: Zerg Zerg
  • Spawn Location: 3:00

VOD

Have the link to the VOD?

Description

Time

  • Played on: March 13, 2017, 1:16 p.m.
  • Length: 6:47
Show
View Real Time Build Order
Export as new Build Order

Loken Protoss - Winner!

Build Orders: Nexus First 

Get SALT Encoding   

  12  0:01  Probe (Chrono Boost)  
  13  0:12  Probe (Chrono Boost)  
  14  0:22  Probe (Chrono Boost)  
  15  0:47  Nexus  
  15  0:57  Pylon  
  15  1:15  Probe (Chrono Boost)  
  15  1:16  Pylon  
  16  1:26  Probe (Chrono Boost)  
  17  1:36  Probe (Chrono Boost)  
  18  1:53  Gateway  
  18  1:54  Gateway  
  18  1:56  Gateway  
  18  2:01  Probe (Chrono Boost)  
  18  2:05  Probe (Chrono Boost)  
  20  2:12  Probe (Chrono Boost)  
  20  2:15  Assimilator  
  21  2:16  Probe (Chrono Boost)  
  21  2:19  Assimilator  
  23  2:23  Probe (Chrono Boost)  
  23  2:27  Probe (Chrono Boost)  
  24  2:33  Probe (Chrono Boost)  
  25  2:41  Cybernetics Core  
  25  2:45  Probe (Chrono Boost)  
  25  2:47  Probe (Chrono Boost)  
  25  2:50  Zealot  
  29  2:56  Probe (Chrono Boost)  
  29  2:58  Probe (Chrono Boost)  
  31  3:04  Warp Gate  
  31  3:06  Zealot x2, Probe (Chrono Boost)  
  31  3:08  Probe (Chrono Boost)  
  37  3:18  Probe (Chrono Boost)  
  37  3:19  Probe (Chrono Boost)  
  39  3:29  Probe (Chrono Boost)  
  40  3:34  Pylon  
  40  3:37  Probe (Chrono Boost)  
  40  3:40  Probe (Chrono Boost)  
  42  3:44  Assimilator  
  42  3:45  Zealot  
  42  3:47  Zealot  
  46  3:48  Assimilator  
  46  3:52  Sentry, Pylon, Probe (Chrono Boost)  
  46  3:54  Probe (Chrono Boost)  
  51  4:03  Stargate, Probe (Chrono Boost)  
  51  4:06  Probe (Chrono Boost)  
  52  4:13  Probe (Chrono Boost)  
  54  4:18  Probe (Chrono Boost)  
  54  4:22  Stalker  
  54  4:23  Stalker  
  54  4:24  Probe (Chrono Boost)  
  59  4:25  Stalker  
  59  4:30  Probe (Chrono Boost)  
  62  4:34  Pylon  
  62  4:36  Pylon  
  62  4:50  Oracle  
  66  4:53  Probe (Chrono Boost)  
  66  4:59  Stargate  
  66  5:03  Mothership Core (Chrono Boost), Pylon  
  68  5:17  Zealot x2  
  68  5:18  Zealot  
  74  5:29  Void Ray  
  78  5:45  Stalker x3  
  80  6:29  Stalker  
  80  6:30  Stalker x2  
Show
View Real Time Build Order
Export as new Build Order

FrogMint Zerg 

Build Orders: Hatch First 

Get SALT Encoding   

  12  0:02  Drone  
  13  0:13  Overlord  
  13  0:18  Drone  
  14  0:31  Drone x2  
  16  0:35  Drone  
  17  0:59  Hatchery  
  16  1:04  Drone  
  17  1:11  Extractor  
  17  1:14  Spawning Pool  
  17  1:16  Drone  
  16  1:22  Drone  
  17  1:29  Drone  
  17  1:30  Drone  
  19  1:40  Drone  
  20  1:53  Overlord  
  20  2:01  Queen  
  22  2:15  Drone x2  
  24  2:17  Queen  
  24  2:19  Drone  
  27  2:24  Metabolic Boost  
  27  2:26  Zergling x2  
  29  2:30  Drone  
  29  2:39  Drone  
  30  2:52  Drone x3  
  33  3:03  Drone x2  
  35  3:17  Drone  
  36  3:20  Overlord x2  
  36  3:27  Overlord x2  
  35  3:38  Queen  
  35  3:40  Drone, Zergling x4  
  35  3:41  Drone x3  
  43  3:42  Hatchery  
  43  3:45  Zergling x2  
  43  3:48  Queen  
  45  4:09  Drone x2  
  47  4:13  Queen, Extractor  
  47  4:14  Drone x2  
  50  4:24  Drone  
  50  4:26  Drone x2  
  50  4:27  Drone, Extractor  
  53  4:32  Drone  
  54  4:40  Drone  
  54  4:43  Drone x2  
  57  4:49  Lair  
  57  4:55  Zergling x4  
  59  5:02  Evolution Chamber  
  58  5:18  Drone x2  
  58  5:19  Drone, Extractor  
  58  5:20  Queen  
  62  5:22  Drone  
  63  5:34  Baneling Nest  
  62  5:46  Spine Crawler  
  61  5:52  Roach Warren  
  61  5:53  Drone x4  
  61  5:56  Queen  
  66  6:00  Zergling x2  
  66  6:01  Zergling x4  
  62  6:13  Zergling x2  
  62  6:14  Zergling x10  
  62  6:15  Zergling x2  
  55  6:19  Zergling x12  
  55  6:20  Zergling x2  
Tags
 
Add a new tag
Caveats
  • Supply blocks, unpowered buildings, or Contaminate may cause inaccurate times.
  • Supply counts are checked every 10 seconds.